AoeStats
← La bestia

Arena

511666908Analyzed
2v2 RM · 11d ago on Oct 6, 2026· 71m 40s· 4 players
Game mode
Random Map
Map size
Medium (4 player)
Population
200
Speed
Normal
Resources
Standard
Victory
Conquest
Starting age
Dark Age
Ending age
Imperial Age
RankedLock teamsTeams togetherTeam positionsShared explorationLock speedFull tech treeHidden civsTurbo modeCheats
Victory
Defeat
🇻🇪 Spanish · Venezuela
990
+12
🇻🇪 Goths · Venezuela
872
+16
vs
🇺🇸 Armenians · United States
895
-14
🇺🇸 Persians · United States
878
-14
Wesley
11:37 Feudal Age
15:37 Castle Age
15:28 Double-Bit Axe
15:26 Horse Collar
21:46 Bow Saw
24:02 Wheelbarrow
23:13 Town Watch
23:32 Heavy Plow
24:01 Stone Mining
24:53 Man-at-Arms
25:47 Forging
25:37 Scale Mail Armor
26:13 Loom
26:31 Long Swordsman
30:37 Imperial Age
29:44 Fletching
31:03 Iron Casting
30:30 Padded Archer Armor
31:25 Gold Mining
31:20 Two-Handed Swordsman
32:15 Squires
32:00 Arson
33:03 Conscription
33:13 Fortified Wall
32:55 Capped Ram
34:03 Fereters
34:16 Fereters
34:22 Champion
34:45 Elite Skirmisher
35:22 Bodkin Arrow
37:01 Bracer
37:18 Leather Archer Armor
38:37 Ballistics
40:11 Chain Mail Armor
40:58 Blast Furnace
39:36 Elite Composite Bowman
43:01 Ring Archer Armor
43:27 Siege Ram
44:43 Plate Mail Armor
50:21 Chemistry
49:17 Murder Holes
49:33 Masonry
55:49 Crossbowman
67:27 Gold Shaft Mining
69:08 Hoardings
Robert Baratheon
9:36 Loom
11:22 Feudal Age
11:28 Feudal Age
13:02 Double-Bit Axe
17:40 Castle Age
18:02 Bloodlines
18:01 Scale Barding Armor
17:32 Pikeman
22:35 Elite Skirmisher
26:42 Fletching
27:21 Padded Archer Armor
27:20 Bodkin Arrow
27:21 Town Watch
48:27 Wheelbarrow
49:50 Town Watch
54:59 Thumb Ring
55:23 Padded Archer Armor
55:44 Hand Cart
64:09 Imperial Age
61:58 Light Cavalry
Fryn0x
11:14 Feudal Age
15:06 Castle Age
15:50 Loom
18:17 Padded Archer Armor
18:03 Horse Collar
26:13 Fletching
27:20 Bodkin Arrow
29:33 Wheelbarrow
33:34 Hand Cart
33:12 Gold Mining
36:23 Imperial Age
34:43 Double-Bit Axe
35:00 Heavy Plow
35:58 Leather Archer Armor
37:28 Bloodlines
37:20 Husbandry
40:09 Bloodlines
44:52 Ring Archer Armor
43:46 Elite Conquistador
45:50 Bracer
46:52 Light Cavalry
48:25 Bow Saw
50:20 Town Watch
51:26 Conscription
51:08 Hussar
52:00 Scale Barding Armor
54:05 Chain Barding Armor
59:11 Plate Barding Armor
61:22 Forging
66:19 Iron Casting
68:55 Cavalier
70:37 Blast Furnace
70:26 Ballistics
La bestia
0:43 Loom
13:21 Feudal Age
13:56 Double-Bit Axe
18:30 Castle Age
17:48 Gold Mining
19:10 Stone Mining
20:46 Bow Saw
24:39 Scale Mail Armor
24:49 Forging
25:32 Horse Collar
26:28 Anarchy
27:23 Squires
29:45 Chain Mail Armor
30:06 Iron Casting
30:12 Iron Casting
38:01 Imperial Age
38:06 Elite Huskarl
39:32 Perfusion
40:28 Man-at-Arms
40:56 Man-at-Arms
41:24 Long Swordsman
42:36 Conscription
41:53 Two-Handed Swordsman
41:58 Two-Handed Swordsman
65:31 Champion
65:42 Pikeman
Connection lost

Rejoining the realm…

Still unreachable

The connection could not be restored.

Session expired

The server has moved on; the page needs a fresh start.